 Dungeon Crawl Stone Soup version 0.23.1 (webtiles) character file.

Game seed: 17994285533174211751

1199 Borgoz the Sneak (level 8, -2/63 HPs)
             Began as a Ghoul Enchanter on Mar 14, 2019.
             Killed by divine providence
             ... invoked by an orc priest
              (15 damage)
             ... on level 5 of the Dungeon.
             The game lasted 00:08:20 (3493 turns).

Borgoz the Sneak (Ghoul Enchanter)                  Turns: 3493, Time: 00:08:21

Health: -2/63      AC:  7    Str: 12    XL:     8   Next: 44%
Magic:  0/11       EV: 12    Int: 10    God:
Gold:   206        SH:  0    Dex: 11    Spells: 6/13 levels left

rFire    . . .     SeeInvis .   i - +2 short sword (venom)
rCold    + . .     Gourm    .   (no shield)
rNeg     + + +     Faith    .   f - +0 ring mail
rPois    ∞         Spirit   +   o - +0 helmet
rElec    .         Reflect  .   b - scarf {Spirit}
rCorr    .         Harm     .   (no gloves)
MR       .....                  (no boots)
Stlth    ++........             (no amulet)
HPRegen  0.00/turn              e - ring of flight
MPRegen  0.12/turn              (no ring)

@: rotting
A: rotting body, claws 1, carnivore, cold resistance 1, negative energy
resistance 3, inhibited regeneration, torment resistance, unbreathing
a: Evoke Flight


You were on level 5 of the Dungeon.
You were not hungry.

You visited 1 branch of the dungeon, and saw 5 of its levels.

You collected 206 gold pieces.

Inventory:

Hand Weapons
 a - a +3 quarterstaff of chaos
 i - a +2 short sword of venom (weapon)
 m - a +0 rapier
Missiles
 k - 7 tomahawks (quivered)
Armour
 b - a scarf of spirit shield (worn)
 f - a +0 ring mail (worn)
 o - a +0 helmet (worn)
Jewellery
 e - a ring of flight (left claw)
Scrolls
 c - 4 scrolls of remove curse
 h - 2 scrolls of identify
 j - a scroll of immolation {unknown}
 l - a scroll of fear
 n - 3 scrolls of amnesia
Comestibles
 d - 5 rations


   Skills:
 + Level 3.1 Fighting
 * Level 3.9 Short Blades
 * Level 3.8 Armour
 * Level 4.2 Dodging
 + Level 5.0 Stealth
 + Level 3.0 Spellcasting
 + Level 3.4 Hexes


You had 6 spell levels left.
You knew the following spells:

 Your Spells              Type           Power        Failure   Level  Hunger
a - Corona                Hex            #......      14%         1    #......
b - Ensorcelled Hibernat  Hex/Ice        #.....       41%         2    ###....
c - Confuse               Hex            #.......     41%         3    ###....
d - Confusing Touch       Hex            #.....       14%         1    #......

Your spell library contained the following spells:

 Spells                   Type           Power        Failure   Level  Hunger
 Tukima's Dance           Hex            #.......     41%         3    ###....
 Animate Skeleton         Necr           N/A          52%         1    #......
 Apportation              Tloc           #.....       52%         1    #......
 Summon Small Mammal      Summ           #...         52%         1    #......
 Dazzling Spray           Conj/Hex       #.....       65%         3    ###....


Dungeon Overview and Level Annotations

Branches:
Dungeon (5/15)
 Temple: D:4-7

Altars:
Gozag

Annotations:
D:3 DMessenger's ghost, weakling MiFi


Innate Abilities, Weirdness & Mutations

Your body is rotting away.
You thrive on raw meat.
You are immune to poison.
You have sharp fingernails.
You are carnivorous and can eat meat at any time.
Your flesh is cold resistant. (rC+)
You are immune to negative energy. (rN+++)
You do not regenerate when monsters are visible.
You are immune to unholy pain and torment.
You can survive without breathing.


Message History

The howler monkey hoots and howls with incredible vigour!
You hear an angry hiss.
You see here a dagger.
You see here a +0 falchion.
Items here: )) [[ a +0 flail; a +0 leather armour; a +0 dagger; a +0 robe You hit the orc priest.
The orc priest is poisoned.
The orc priest is moderately wounded.
The orc priest misses you.
Okay, then.
You aren't carrying any potions.
Okay, then.
As you read the scroll labeled CAPLINWOYTIS, it crumbles to dust.
You assume a fearsome visage.
The orc looks frightened!
The orc priest resists with some effort.
The howler monkey looks frightened!
The worker ant looks frightened!
It was a scroll of fear.
The orc priest mumbles some strange prayers to Beogh against you.
Beogh smites you!
You die...

############ #..).......#
#.########.# # #.# #.# ##
#.# #@# .######.# #o#
####### ##### ........#
###o# #.....# #...#
.######## ##.a.###.###.#
#.#.. ## #######..#h....#
#.# #...# #
#..>.).W.#.....# #.# ##.##
#
#.###)...#....####.#####÷##
. #..)#######..............
# #..... #....####.#####.##


You could see a howler monkey (fleeing), a worker ant (fleeing), an orc priest
and an orc (fleeing).

Vanquished Creatures
  A two-headed ogre (D:5)
  A big kobold (D:3)
  A howler monkey (D:5)
  A hound (D:5)
  3 orc priests
  Crazy Yiuf (D:2)
  5 orc wizards
  5 gnolls
  5 adders
  2 oozes
  2 worms (D:3)
  3 dart slugs
  2 leopard geckos
  9 orcs
  2 bats
  4 giant cockroaches
  2 goblins (D:2)
  7 hobgoblins
  4 jackals
  2 quokkas
  3 frilled lizards
  9 kobolds
  4 rats
78 creatures vanquished.

Vanquished Creatures (others)
  5 toadstools (D:1)
5 creatures vanquished.

Grand Total: 83 creatures vanquished

Notes
Turn   | Place    | Note
-------+----------+-------------------------------------------
     0 | D:1      | Borgoz the Ghoul Enchanter began the quest for the Orb.
     0 | D:1      | Reached XP level 1. HP: 14/14 MP: 2/2
    45 | D:1      | Reached skill level 1 in Short Blades
   101 | D:1      | Reached XP level 2. HP: 17/20 MP: 3/3
   427 | D:2      | Reached XP level 3. HP: 19/27 MP: 4/4
   542 | D:2      | Reached skill level 1 in Armour
   870 | D:2      | Reached XP level 4. HP: 27/34 MP: 4/6
   878 | D:2      | Found a faded altar of an unknown god.
   941 | D:2      | Reached skill level 1 in Fighting
   987 | D:2      | Found a runed translucent door.
   988 | D:2      | Noticed Crazy Yiuf
  1216 | D:2      | Killed Crazy Yiuf
  1361 | D:3      | Reached XP level 5. HP: 37/37 MP: 7/7
  1573 | D:3      | Learned a level 2 spell: Ensorcelled Hibernation
  1577 | D:3      | Learned a level 3 spell: Confuse
  1579 | D:3      | Learned a level 1 spell: Confusing Touch
  1616 | D:3      | Found a runed translucent gate.
  1618 | D:3      | Found a runed translucent gate.
  1618 | D:3      | Found an opulent altar of Gozag.
  1618 | D:3      | Noticed a big kobold
  1619 | D:3      | Found a runed translucent gate.
  1619 | D:3      | Noticed DMessenger's ghost (weakling MiFi)
  1730 | D:3      | HP: 1/37 [DMessenger's ghost (13)]
  2220 | D:3      | Killed a big kobold
  2220 | D:3      | Reached skill level 4 in Stealth
  2220 | D:3      | Reached XP level 6. HP: 29/44 MP: 4/8
  2852 | D:5      | Entered Level 5 of the Dungeon
  3269 | D:5      | Reached XP level 7. HP: 54/55 MP: 7/9
  3415 | D:5      | Noticed a two-headed ogre
  3435 | D:5      | Killed a two-headed ogre
  3435 | D:5      | Reached XP level 8. HP: 54/63 MP: 9/11
  3480 | D:5      | Reached skill level 5 in Stealth
  3493 | D:5      | Killed from afar by an orc priest

Skill      XL: |  1  2  3  4  5  6  7  8 |
---------------+-------------------------+-----
Short Blades   | 1 2 3 |  3.9
Dodging        | 2 3 4 |  4.2
Armour         | 1 2 3 |  3.8
Spellcasting   | 2 3 |  3.0
Fighting       | 1 2 3 |  3.1
Stealth        | 4 5 |  5.0
Hexes          | 3 |  3.4

Action                   |  1- 3 |  4- 6 |  7- 9 || total
-------------------------+-------+-------+-------++-------
Melee: Dagger            |    93 |       |       ||    93
       Short sword       |    29 |   170 |    33 ||   232
Throw: Tomahawk          |       |       |     1 ||     1
 Cast: Corona            |     3 |       |       ||     3
       Confusing Touch   |       |     3 |       ||     3
       Confuse           |       |     1 |       ||     1
  Use: Potion            |       |     3 |       ||     3
       Scroll            |       |     1 |     2 ||     3
 Stab: Sleeping          |     2 |     4 |       ||     6
       Confused          |       |     1 |       ||     1
  Eat: Chunk             |     9 |    12 |     6 ||    27
       Ration            |       |     1 |       ||     1
Armor: Ring mail         |    31 |    49 |    18 ||    98
       Robe              |     3 |       |       ||     3
Dodge: Dodged            |    66 |    75 |    24 ||   165
